3L
MONTANA PANDAS @ ATHLETIC CLUB KC
06/08/2037
 
TOP OF THE 1ST
Montana Pandas batting - Pitching for Athletic Club KC : LHP Donat Karczmarek
Pitching: LHP Donat Karczmarek
Batting: RHB Dhyana Snigdha 0-0: Ball
1-0: Called Strike
1-1: SINGLE (Line Drive, 89S, EV 111.2 MPH)
Batting: RHB Ray Walker 0-0: Ball
1-0: Swinging Strike
1-1: Ball
2-1: Ball
3-1: Fielders Choice at 2nd, 1-6 (Groundball, 13, EV 62.5 MPH)
Batting: RHB IV Seacat 0-0: Fly out, F7 (Flyball, 7D, EV 93.8 MPH)
Batting: RHB Enrique Rocha 0-0: Called Strike
0-1: Foul Ball, location: 2F
0-2: Ball
1-2: SINGLE (Groundball, 5L, EV 107.5 MPH)
Ray Walker to second
Ray Walker to third
Batting: RHB Cam MacIntosh 0-0: Ball
1-0: Ground out 6-3 (Groundball, 6M, EV 99.4 MPH)
Top of the 1st over - 0 runs, 2 hits, 0 errors, 2 left on base; Montana 0 - Athletic Club KC 0
BOTTOM OF THE 1ST
Athletic Club KC batting - Pitching for Montana Pandas : RHP Daniel Martínez
Pitching: RHP Daniel Martínez
Batting: LHB Wu-shun Chu 0-0: Ball
1-0: Ball
2-0: Ball
3-0: Called Strike
3-1: Base on Balls
Batting: LHB Pablo Hernández 0-0: Ball
Wu-shun Chu steals 2nd base
1-0: Ground out 6-3 (Groundball, 6S, EV 88.1 MPH)
Wu-shun Chu to third
Batting: RHB Jesús Vargas 0-0: Foul Ball, location: 2F
0-1: Ground out 1-3 (Groundball, 13, EV 69.4 MPH)
Batting: SHB Shun Komatsu 0-0: Ball
1-0: Ground out U3 (Groundball, 34, EV 90.6 MPH)
Bottom of the 1st over - 0 runs, 0 hits, 0 errors, 1 left on base; Montana 0 - Athletic Club KC 0
TOP OF THE 2ND
Montana Pandas batting - Pitching for Athletic Club KC : LHP Donat Karczmarek
Batting: RHB Cody Jaeckel 0-0: Ball
1-0: Ball
2-0: Ground out 6-3 (Groundball, 6, EV 83.8 MPH)
Batting: RHB Reg Spiers 0-0: Ground out 1-3 (Groundball, 15S, EV 69.4 MPH)
Batting: SHB Kai-xi Choe 0-0: Called Strike
0-1: Foul Ball, location: 2F
0-2: Ball
1-2: Ball
2-2: Strikes out looking
Top of the 2nd over - 0 runs, 0 hits, 0 errors, 0 left on base; Montana 0 - Athletic Club KC 0
BOTTOM OF THE 2ND
Athletic Club KC batting - Pitching for Montana Pandas : RHP Daniel Martínez
Batting: RHB Roger Caffyn 0-0: Called Strike
0-1: Ball
1-1: Called Strike
1-2: Strikes out swinging
Batting: SHB Akihiko Fujii 0-0: DOUBLE (Line Drive, 89D, EV 105.0 MPH)
Batting: LHB Gene Ricks 0-0: Foul Ball, location: 2F
0-1: Foul Ball, location: 2F
0-2: Foul Ball, location: 2F
0-2: Fly out, F1 (Line Drive, P, EV 68.1 MPH)
Batting: LHB Onye Mahusay 0-0: Ball
1-0: Ball
2-0: Ball
3-0: Foul Ball, location: 2F
3-1: Called Strike
3-2: SINGLE (Line Drive, 9S, EV 106.9 MPH)
Akihiko Fujii to third
Akihiko Fujii scores
Batting: RHB Colin Bottone 0-0: Ball
1-0: Ball
2-0: Ball
3-0: Called Strike
3-1: Called Strike
3-2: Strikes out swinging
Bottom of the 2nd over - 1 run, 2 hits, 0 errors, 1 left on base; Montana 0 - Athletic Club KC 1
TOP OF THE 3RD
Montana Pandas batting - Pitching for Athletic Club KC : LHP Donat Karczmarek
Batting: LHB Shahid Afridi 0-0: Ball
1-0: Ball
2-0: Called Strike
2-1: Fly out, F8 (Flyball, 8LS, EV 80.0 MPH)
Batting: RHB Dhyana Snigdha 0-0: Ball
1-0: Ball
2-0: Ground out 5-3 (Groundball, 5L, EV 88.8 MPH)
Batting: RHB Ray Walker 0-0: Swinging Strike
0-1: Ball
1-1: Foul Ball, location: 2F
1-2: Strikes out swinging
Top of the 3rd over - 0 runs, 0 hits, 0 errors, 0 left on base; Montana 0 - Athletic Club KC 1
BOTTOM OF THE 3RD
Athletic Club KC batting - Pitching for Montana Pandas : RHP Daniel Martínez
Batting: LHB Wu-shun Chu 0-0: Ball
1-0: Ball
2-0: SINGLE (Groundball, 34S, EV 78.1 MPH) (infield hit)
Batting: LHB Pablo Hernández 0-0: Ball
Wu-shun Chu steals 2nd base
1-0: Foul Ball, location: 2F
1-1: Called Strike
1-2: Foul Ball, location: 2F
1-2: Ground out 3-1 (Groundball, 34, EV 84.4 MPH)
Wu-shun Chu to third
Batting: RHB Jesús Vargas 0-0: Ball
1-0: Ball
2-0: Ball
3-0: Called Strike
3-1: Base on Balls
Batting: SHB Shun Komatsu 0-0: Ball
1-0: SINGLE (Groundball, 6D, EV 102.5 MPH)
Wu-shun Chu scores
Jesús Vargas to second
Batting: RHB Roger Caffyn 0-0: Ball
1-0: Called Strike
1-1: Ball
2-1: Called Strike
2-2: Fly out, F8 (Flyball, 8RS, EV 90.6 MPH)
Batting: SHB Akihiko Fujii 0-0: Called Strike
0-1: SINGLE (Groundball, 4MD, EV 98.1 MPH)
Jesús Vargas to third
Shun Komatsu to second
Runner from 3rd tries for Home, throw by CF and OUT! 8-2
Bottom of the 3rd over - 1 run, 3 hits, 0 errors, 2 left on base; Montana 0 - Athletic Club KC 2
TOP OF THE 4TH
Montana Pandas batting - Pitching for Athletic Club KC : LHP Donat Karczmarek
Batting: RHB IV Seacat 0-0: Ball
1-0: Called Strike
1-1: Ball
2-1: Fly out, F8 (Flyball, 8LS, EV 96.2 MPH)
Batting: RHB Enrique Rocha 0-0: Called Strike
0-1: Swinging Strike
0-2: Fly out, F8 (Line Drive, 8RD, EV 91.9 MPH)
Batting: RHB Cam MacIntosh 0-0: Fly out, F8 (Line Drive, 8LM, EV 96.9 MPH)
Top of the 4th over - 0 runs, 0 hits, 0 errors, 0 left on base; Montana 0 - Athletic Club KC 2
BOTTOM OF THE 4TH
Athletic Club KC batting - Pitching for Montana Pandas : RHP Daniel Martínez
Batting: LHB Gene Ricks 0-0: Foul Ball, location: 2F
0-1: Ground out 6-3 (Groundball, 6, EV 101.9 MPH)
Batting: LHB Onye Mahusay 0-0: Ball
1-0: Ball
2-0: Ball
3-0: Base on Balls
Batting: RHB Colin Bottone 0-0: Foul Ball, location: 2F
0-1: Called Strike
Onye Mahusay steals 2nd base
0-2: Ball
1-2: Ground out 5-3 (Groundball, 56S, EV 79.4 MPH)
Batting: LHB Wu-shun Chu 0-0: Ball
1-0: Ball
2-0: Ball
3-0: Called Strike
3-1: Base on Balls
Batting: LHB Pablo Hernández 0-0: Called Strike
0-1: Swinging Strike
0-2: Ball
1-2: Foul Ball, location: 2F
1-2: Strikes out swinging
Bottom of the 4th over - 0 runs, 0 hits, 0 errors, 2 left on base; Montana 0 - Athletic Club KC 2
TOP OF THE 5TH
Montana Pandas batting - Pitching for Athletic Club KC : LHP Donat Karczmarek
Batting: RHB Cody Jaeckel 0-0: Called Strike
0-1: Ball
1-1: Swinging Strike
1-2: Strikes out swinging
Batting: RHB Reg Spiers 0-0: Swinging Strike
0-1: Called Strike
0-2: Ball
1-2: Ball
2-2: Ball
3-2: Strikes out swinging
Batting: SHB Kai-xi Choe 0-0: Called Strike
0-1: Ball
1-1: Ball
2-1: Called Strike
2-2: Ball
3-2: Strikes out swinging
Top of the 5th over - 0 runs, 0 hits, 0 errors, 0 left on base; Montana 0 - Athletic Club KC 2
BOTTOM OF THE 5TH
Athletic Club KC batting - Pitching for Montana Pandas : RHP Daniel Martínez
Batting: RHB Jesús Vargas 0-0: Called Strike
0-1: Foul Ball, location: 2F
0-2: Foul Ball, location: 2F
0-2: SOLO HOME RUN (Line Drive, 78XD, EV 101.9 MPH), Distance : 440 ft
Batting: SHB Shun Komatsu 0-0: Ball
1-0: Foul Ball, location: 2F
1-1: Swinging Strike
1-2: Strikes out swinging
Batting: RHB Roger Caffyn 0-0: Foul Ball, location: 2F
0-1: Called Strike
0-2: Ball
1-2: Ground out 2-3 (Groundball, 13S, EV 72.5 MPH)
Batting: SHB Akihiko Fujii 0-0: SOLO HOME RUN (Line Drive, 9D, EV 103.1 MPH), Distance : 380 ft
Batting: LHB Gene Ricks 0-0: Ball
1-0: Foul Ball, location: 2F
1-1: Foul Ball, location: 2F
1-2: Ground out 1-3 (Groundball, 15S, EV 74.4 MPH)
Bottom of the 5th over - 2 runs, 2 hits, 0 errors, 0 left on base; Montana 0 - Athletic Club KC 4
TOP OF THE 6TH
Montana Pandas batting - Pitching for Athletic Club KC : LHP Donat Karczmarek
Batting: LHB Shahid Afridi 0-0: Ball
1-0: Fly out, F7 (Flyball, 7S, EV 91.9 MPH)
Batting: RHB Dhyana Snigdha 0-0: Foul Ball, location: 2F
0-1: Swinging Strike
0-2: Ball
1-2: Ball
2-2: Foul Ball, location: 2F
2-2: Strikes out looking
Batting: RHB Ray Walker 0-0: Swinging Strike
0-1: Ground out 4-3 (Groundball, 4, EV 85.0 MPH)
Top of the 6th over - 0 runs, 0 hits, 0 errors, 0 left on base; Montana 0 - Athletic Club KC 4
BOTTOM OF THE 6TH
Athletic Club KC batting - Pitching for Montana Pandas : RHP Daniel Martínez
Pitching: RHP Kenny Beck
Batting: LHB Onye Mahusay 0-0: Called Strike
0-1: Ball
1-1: Foul Ball, location: 2F
1-2: Foul Ball, location: 2F
1-2: Ball
2-2: Strikes out swinging
Batting: RHB Colin Bottone 0-0: Ball
1-0: Ball
2-0: Ball
3-0: Ground out 6-3 (Groundball, 6, EV 90.0 MPH)
Batting: LHB Wu-shun Chu 0-0: SOLO HOME RUN (Flyball, 9LD, EV 103.8 MPH), Distance : 346 ft
Batting: LHB Pablo Hernández 0-0: Swinging Strike
0-1: Ball
1-1: Called Strike
1-2: Ball
2-2: Ground out 4-3 (Groundball, 4, EV 78.8 MPH)
Bottom of the 6th over - 1 run, 1 hit, 0 errors, 0 left on base; Montana 0 - Athletic Club KC 5
TOP OF THE 7TH
Montana Pandas batting - Pitching for Athletic Club KC : LHP Donat Karczmarek
Batting: RHB IV Seacat 0-0: Foul Ball, location: 2F
0-1: Called Strike
0-2: Strikes out looking
Batting: RHB Enrique Rocha 0-0: Ball
1-0: Ground out 6-3 (Groundball, 6, EV 81.2 MPH)
Batting: RHB Cam MacIntosh 0-0: Ball
1-0: Ball
2-0: Ball
3-0: Called Strike
3-1: Foul Ball, location: 2F
3-2: DOUBLE (Line Drive, 8LXD, EV 113.1 MPH)
Pinch Runner at 2nd Mo-ruo Teoh:
Batting: RHB Cody Jaeckel 0-0: DOUBLE (Groundball, 5L, EV 108.1 MPH)
Mo-ruo Teoh scores
Batting: RHB Reg Spiers 0-0: Ground out 6-3 (Groundball, 6, EV 83.1 MPH)
Top of the 7th over - 1 run, 2 hits, 0 errors, 1 left on base; Montana 1 - Athletic Club KC 5
BOTTOM OF THE 7TH
Athletic Club KC batting - Pitching for Montana Pandas : RHP Kenny Beck
Now in RF: Mo-ruo Teoh
Batting: RHB Jesús Vargas 0-0: Ground out 4-3 (Groundball, 4, EV 87.5 MPH)
Batting: SHB Shun Komatsu 0-0: Ball
1-0: Swinging Strike
1-1: Foul Ball, location: 2F
1-2: Foul Ball, location: 2F
1-2: Ball
2-2: Strikes out swinging
Batting: RHB Roger Caffyn 0-0: Fly out, F8 (Flyball, 8LM, EV 95.0 MPH)
Bottom of the 7th over - 0 runs, 0 hits, 0 errors, 0 left on base; Montana 1 - Athletic Club KC 5
TOP OF THE 8TH
Montana Pandas batting - Pitching for Athletic Club KC : LHP Donat Karczmarek
Batting: SHB Kai-xi Choe 0-0: Called Strike
0-1: Called Strike
0-2: Foul Ball, location: 2F
0-2: Ball
1-2: Strikes out swinging
Batting: LHB Shahid Afridi 0-0: Called Strike
0-1: Foul Ball, location: 2F
0-2: Ball
1-2: Ball
2-2: Foul Ball, location: 2F
2-2: Strikes out swinging
Batting: RHB Dhyana Snigdha 0-0: Ball
1-0: Ball
2-0: Called Strike
2-1: Foul Ball, location: 2F
2-2: Ground out 4-3 (Groundball, 4, EV 87.5 MPH)
Top of the 8th over - 0 runs, 0 hits, 0 errors, 0 left on base; Montana 1 - Athletic Club KC 5
BOTTOM OF THE 8TH
Athletic Club KC batting - Pitching for Montana Pandas : RHP Kenny Beck
Batting: SHB Akihiko Fujii 0-0: Ball
1-0: Ball
2-0: Foul Ball, location: 2F
2-1: Fly out, F3 (Line Drive, 3, EV 70.6 MPH)
Batting: LHB Gene Ricks 0-0: Ball
1-0: Ball
2-0: Fly out, F5 (Line Drive, 5, EV 64.4 MPH)
Batting: LHB Onye Mahusay 0-0: Called Strike
0-1: Ball
1-1: Ball
2-1: Ground out 3-1 (Groundball, 34S, EV 90.6 MPH)
Bottom of the 8th over - 0 runs, 0 hits, 0 errors, 0 left on base; Montana 1 - Athletic Club KC 5
TOP OF THE 9TH
Montana Pandas batting - Pitching for Athletic Club KC : LHP Donat Karczmarek
Batting: RHB Ray Walker 0-0: Ball
1-0: Fly out, F4 (Popup, 4MD, EV 49.4 MPH)
Batting: RHB IV Seacat 0-0: Ball
1-0: Foul Ball, location: 2F
1-1: Ground out 5-3 (Groundball, 56, EV 83.8 MPH)
Batting: RHB Enrique Rocha 0-0: Swinging Strike
0-1: Ball
1-1: Ball
2-1: Foul Ball, location: 2F
2-2: Strikes out looking
Top of the 9th over - 0 runs, 0 hits, 0 errors, 0 left on base; Montana 1 - Athletic Club KC 5
Thursday, January 23rd, 2020 - OOTP Baseball 20.8 Build 74